 Dungeon Crawl Stone Soup version 0.30-a0-743-gbfdf073431 (webtiles) character file.

Game seed: 6851765620524389393

36652 Leeroy the Fencer (level 13, -3/58 HPs)
             Began as a Vine Stalker Warper on Feb 7, 2023.
             Was a Priest of Uskayaw.
             Slain by a thrashing horror (11 damage)
             ... on level 5 of the Lair of Beasts.
             The game lasted 00:27:51 (13895 turns).

Leeroy the Fencer (Vine Stalker Warper)            Turns: 13895, Time: 00:27:51

Health: -3/58      AC: 15    Str: 15    XL:     13   Next: 91%
Magic:  0/35       EV: 15    Int: 13    God:    Uskayaw [***...]
Gold:   925        SH:  0    Dex: 24    Spells: 16/28 levels left

rFire   . . .      SeeInvis .    S - +4 scimitar (freeze)
rCold   . . .      Faith    .    (no shield)
rNeg    . . .      Spirit   +    W - +0 acid dragon scales
rPois   .          Reflect  .    I - +0 helmet
rElec   .          Harm     .    N - +1 cloak
rCorr   +          Rampage  .    f - +0 pair of gloves
Will    +....                    s - +2 pair of boots
Stlth   ++                       e - amulet of magic regeneration
HPRegen 1.09/turn                k - ring of magical power
MPRegen 0.64/turn                X - +6 ring of dexterity

@: no status effects
A: fangs 3, regeneration 1, magic shield, antimagic bite, no potion heal 2
a: Renounce Religion, Stomp, Line Pass


You were on level 5 of the Lair of Beasts.
You worshipped Uskayaw.
Uskayaw was aware of your devotion.
You visited 3 branches of the dungeon, and saw 17 of its levels.

You collected 991 gold pieces.
You spent 66 gold pieces at shops.

Inventory:

Hand Weapons
 c - a +4 great sword
 w - a +2 rapier of distortion
 Q - a +5 short sword of freezing
 S - a +4 scimitar of freezing (weapon)
Missiles
 d - 3 boomerangs of dispersal
 P - 67 poisoned darts (quivered)
 V - 2 atropa-tipped darts
Armour
 f - a +0 pair of gloves (worn)
 s - a +2 pair of boots (worn)
 I - a +0 helmet (worn)
 N - a +1 cloak (worn)
 W - +0 acid dragon scales (worn)
Magical Staves
 J - a staff of fire
Jewellery
 a - a +6 ring of intelligence
 e - an amulet of magic regeneration (around neck)
 j - an amulet of magic regeneration
 k - a ring of magical power (left hand)
 v - a +4 ring of slaying
 G - a +6 ring of intelligence
 H - a +5 ring of evasion
 X - a +6 ring of dexterity (right hand)
Wands
 C - a wand of iceblast (3)
 R - a wand of charming (12)
 Y - a wand of polymorph (8)
Scrolls
 b - 2 scrolls of poison
 g - 6 scrolls of immolation
 h - 2 scrolls of magic mapping
 l - a scroll of brand weapon
 o - 2 scrolls of enchant armour
 t - 4 scrolls of enchant weapon
 u - 3 scrolls of amnesia
 y - 3 scrolls of butterflies
 B - 4 scrolls of vulnerability
 E - a scroll of acquirement
 F - 6 scrolls of teleportation
 T - 2 scrolls of noise
 Z - 2 scrolls of torment
Potions
 i - 5 potions of resistance
 m - 6 potions of heal wounds
 n - 2 potions of brilliance
 p - a potion of magic
 q - 4 potions of haste
 r - 6 potions of mutation
 x - 2 potions of might {unknown}
 z - 2 potions of ambrosia {unknown}
 A - 10 potions of curing
 D - a potion of experience {unknown}
 K - 2 potions of invisibility {unknown}
 L - a potion of attraction {unknown}
 M - a potion of cancellation {unknown}
 O - 3 potions of degeneration {unknown}
 U - 2 potions of lignification {unknown}


   Skills:
 - Level 1.7 Fighting
 - Level 16.0 Long Blades
 - Level 0.2(0.3) Axes
 - Level 0.1(0.2) Maces & Flails
 - Level 0.1(0.2) Polearms
 - Level 0.2 Ranged Weapons
 - Level 0.8 Throwing
 - Level 5.0 Armour
 - Level 5.5 Dodging
 - Level 1.7 Stealth
 - Level 0.2 Shields
 + Level 8.3 Spellcasting
 - Level 0.2 Conjurations
 - Level 0.3 Hexes
 - Level 0.2 Summonings
 - Level 0.2 Necromancy
 - Level 3.0 Translocations
 - Level 0.2 Transmutations
 - Level 0.5 Fire Magic
 - Level 0.2 Ice Magic
 - Level 0.2 Earth Magic
 - Level 0.2 Poison Magic
 - Level 10.3 Invocations
 - Level 0.6 Evocations


You had 16 spell levels left.
You knew the following spells:

 Your Spells              Type           Power      Damage    Failure   Level
a - Blink                 Tloc           26%        N/A       8%          2
b - Vhi's Electric Charg  Tloc/Air       18%        N/A       28%         3
c - Manifold Assault      Tloc           13%        N/A       45%         4
d - Confusing Touch       Hex            6%         N/A       43%         3

Your spell library contained the following spells:

 Spells                   Type           Power      Damage    Failure   Level
 Lesser Beckoning         Tloc           26%        N/A       8%          2
 Beastly Appendage        Tmut           12%        N/A       16%         1
 Kiss of Death            Conj/Necr      24%        2d7       16%         1
 Gell's Gravitas          Tloc           13%        N/A       16%         3
 Teleport Other           Tloc           13%        N/A       16%         3
 Wereblood                Tmut           6%         N/A       24%         2
 Ozocubu's Armour         Ice            6%         N/A       43%         3
 Spider Form              Tmut/Pois      6%         N/A       43%         3
 Passage of Golubria      Tloc           13%        N/A       45%         4
 Cause Fear               Hex            3%         N/A       83%         4
 Dispel Undead            Necr           6%         3d8       85%         4
 Metabolic Englaciation   Hex/Ice        3%         N/A       99%         5
 Silence                  Hex/Air        2%         N/A       99%         5
 Simulacrum               Ice/Necr       3%         N/A       100%        6
 Dragon Form              Tmut           3%         N/A       100%        7
 Lehudib's Crystal Spear  Conj/Erth      3%         10d2      100%        8
 Dragon's Call            Summ           3%         N/A       100%        9


Dungeon Overview and Level Annotations

Branches:
Dungeon (11/15)            Temple (1/1) D:6            Lair (5/5) D:9
 Shoals (0/4) Lair:2       Spider (0/4) Lair:2        Slime (0/5) Lair:4
    Orc: D:9-12

Altars:
Ashenzari
Cheibriados
Dithmenos
Elyvilon
Fedhas
Gozag
Hepliaklqana
Kikubaaqudgha
Makhleb
Nemelex Xobeh
Okawaru
Qazlal
Ru
Sif Muna
Trog
Uskayaw
Vehumet
Wu Jian
Xom
Yredelemnul
Zin
The Shining One
Jiyva

Shops:
D:5 !?   D:7 :   D:11 *

Annotations:
D:6 2 transporters, rigao's ghost, novice GrNe
D:7 3 runed translucent doors, mrw0lf's ghost, amateur DsHu
D:9 1 runed translucent door


Innate Abilities, Weirdness & Mutations

You have razor-sharp teeth.
Your natural rate of healing is unusually fast.
When hurt, damage is shared between your health and your magic reserves.
Your bite disrupts and absorbs the magic of your enemies.
Potions cannot restore your health.


Message History

The thrashing horror seems to grow stronger.
You hit the cyan ugly thing. You freeze the cyan ugly thing.
Your bite misses the cyan ugly thing.
The cyan ugly thing is lightly wounded.
You slash the cyan ugly thing! You freeze the cyan ugly thing.
You punch the cyan ugly thing, but do no damage.
You bite the cyan ugly thing! You drain its power.
You feel invigorated.
The cyan ugly thing is heavily wounded.
Uskayaw will force your foes to helplessly watch your dance.
You hit the thrashing horror. You freeze the thrashing horror.
The thrashing horror is almost destroyed.
The thrashing horror tramples you!!
You hold your ground!
The thrashing horror tramples you!
You hold your ground!
The cyan ugly thing pecks you! The cyan ugly thing shocks you!
Casting: Vhi's Electric Charge (dangerous; 28% risk of failure)
Confirm with . or Enter, or press ? or * to list all spells.
Okay, then.
Okay, then.
Casting: Vhi's Electric Charge (dangerous; 28% risk of failure)
Confirm with . or Enter, or press ? or * to list all spells.
You blink.
The thrashing horror tramples you!!
* * * LOW HITPOINT WARNING * * *
You hold your ground!
The thrashing horror tramples you but does no damage.
The thrashing horror closely misses you.
The thrashing horror tramples you but does no damage.
Items here: ( )) †.
The thrashing horror attacks as you move away!
The thrashing horror tramples you!
* * * LOW HITPOINT WARNING * * *
The thrashing horror barely misses you.
You feel stable enough to blink again.
The thrashing horror tramples you but does no damage. x2
The thrashing horror tramples you.
* * * LOW HITPOINT WARNING * * *
You stumble backwards!
You closely miss the thrashing horror.
The thrashing horror is almost destroyed.
The thrashing horror tramples you!
You die...

....##
#...............♣
......
#P.........♣♣♣..♣
.....#
##........♣♣ ♣..♣
♣...#. #......♣.♣
♣♣..♣ ♣♣...#
#♣♣♣♣♣♣♣♣♣ ♣...♣
..## ♣♣♣♣ ♣.[♣♣
.# ♣♣♣♣).♣♣ ♣†.♣
. ♣♣♣.♣.♣X.♣♣♣..♣
♣..u..♣♣@.♣...♣♣
♣♣u♣)♣♣♣♣......♣
♣..♣♣♣ ♣..♣...♣
♣♣♣.♣♣ ♣.♣♣♣.♣♣
♣...♣♣ ♣♣..♣♣.♣♣
♣♣.♣..♣ ♣..♣♣♣..♣
♣.....♣ ♣♣..♣
♣♣†♣ ♣..♣..♣
♣..♣♣ ♣♣.♣
♣.X..♣♣
♣♣.♣♣♣♣.[♣


You could see a thrashing horror (strong).

Vanquished Creatures
  The ghost of Glaciallarry the Carver, a journeyman DgGl (Lair:4)
  3 hydras
  A boulder beetle (D:11)
  3 thrashing horrors (Lair:5)
  An oklob plant (Lair:2)
  5 elephants
  A smoke demon (Lair:5)
  A black mamba (Lair:4)
  9 cane toads
  A torpor snail (Lair:5)
  Maggie (Lair:1)
  4 rime drakes
  An unseen horror (D:11)
  A kobold demonologist (D:8)
  5 komodo dragons
  2 trolls
  A meliai (Lair:2)
  10 blink frogs (Lair:5)
  Grinder (D:4)
  4 ynoxinuls (Lair:5)
  2 spriggans (Lair:5)
  Sigmund (D:5)
  55 yaks
  3 basilisks
  A wraith (D:10)
  9 wyverns
  3 vampire mosquitoes (D:11)
  An acid dragon (D:10)
  9 water moccasins
  A large abomination (Lair:5)
  A sky beast (D:6)
  2 black bears
  3 ice beasts
  2 ogres
  12 wolves
  10 centaurs
  14 kobold brigands
  A gnoll sergeant (D:7)
  2 necrophages
  3 scorpions
  18 bullfrogs
  4 small abominations (Lair:5)
  14 wights
  17 killer bees
  3 howler monkeys
  2 vampire bats (D:3)
  4 electric eels
  4 hounds
  2 jellies (D:6)
  6 orc priests
  6 iguanas
  11 orc wizards
  4 gnolls (D:7)
  18 adders
  2 white imps (D:5)
  A dart slug (D:1)
  24 orcs
  2 bats
  3 bat skeletons (D:3)
  3 bat zombies (D:3)
  6 endoplasms
  5 giant cockroaches
  8 hobgoblins
  8 jackals
  A quokka (D:1)
  7 ball pythons
  4 frilled lizards
  7 goblins
  30 kobolds
  3 rats
418 creatures vanquished.

Vanquished Creatures (others)
  A bush (D:9)
  15 fungi
  70 plants
86 creatures vanquished.

Grand Total: 504 creatures vanquished

Notes
Turn   | Place    | Note
-------+----------+-------------------------------------------
     0 | D:1      | Leeroy the Vine Stalker Warper began the quest for the Orb.
     0 | D:1      | Reached XP level 1. HP: 11/11 MP: 4/4
    99 | D:1      | Reached skill level 2 in Long Blades
   202 | D:1      | Reached XP level 2. HP: 8/15 MP: 4/6
   596 | D:1      | Reached skill level 3 in Long Blades
   612 | D:1      | You fall into a shaft and drop 1 floor!
   667 | D:2      | Reached XP level 3. HP: 18/18 MP: 7/7
  1188 | D:2      | Gained mutation: Your natural rate of healing is unusually
                  | fast. [Vine Stalker growth]
  1188 | D:2      | Reached XP level 4. HP: 23/23 MP: 8/8
  1290 | D:2      | Found a faded altar of an unknown god.
  1357 | D:2      | Reached skill level 4 in Long Blades
  2296 | D:3      | Learned a level 2 spell: Blink
  2300 | D:3      | Learned a level 3 spell: Vhi's Electric Charge
  2545 | D:3      | Reached XP level 5. HP: 21/26 MP: 9/9
  2644 | D:3      | Found an ancient bone altar of Kikubaaqudgha.
  2651 | D:3      | Reached skill level 5 in Long Blades
  2787 | D:3      | Found a shimmering altar of Xom.
  2787 | D:3      | Found a shimmering blue altar of Sif Muna.
  2823 | D:3      | Noticed an ice beast
  2844 | D:3      | Killed an ice beast
  2845 | D:3      | Reached XP level 6. HP: 26/30 MP: 10/10
  2970 | D:4      | Noticed a black bear
  2979 | D:3      | Killed a black bear
  2980 | D:3      | Reached skill level 6 in Long Blades
  3010 | D:4      | Reached XP level 7. HP: 34/34 MP: 11/11
  3193 | D:4      | Reached skill level 7 in Long Blades
  3486 | D:5      | Entered Level 5 of the Dungeon
  3487 | D:5      | Noticed Grinder
  3488 | D:5      | Paralysed by Grinder for 5 turns
  3525 | D:4      | Paralysed by Grinder for 2 turns
  3540 | D:4      | Paralysed by Grinder for 5 turns
  3546 | D:4      | Killed Grinder
  3547 | D:4      | Reached skill level 8 in Long Blades
  3547 | D:4      | Gained mutation: You have razor-sharp teeth. [Vine Stalker
                  | growth]
  3547 | D:4      | Reached XP level 8. HP: 35/38 MP: 12/12
  3565 | D:5      | Reached skill level 1 in Armour
  3667 | D:5      | Found Utamofoo's Distillery.
  3698 | D:5      | Noticed Sigmund
  3710 | D:5      | Killed Sigmund
  3960 | D:5      | Found Dioc Gin's Magic Scroll Boutique.
  3966 | D:5      | Bought a scroll of identify for 22 gold pieces
  3971 | D:5      | Bought a scroll of identify for 22 gold pieces
  3971 | D:5      | Bought a scroll of identify for 22 gold pieces
  4106 | D:6      | Found a transporter.
  4107 | D:6      | Found a transporter.
  4109 | D:6      | Noticed rigao's ghost (novice GrNe)
  4123 | D:6      | Noticed a two-headed ogre
  4182 | D:6      | Reached skill level 5 in Armour
  4335 | D:6      | Reached XP level 9. HP: 41/42 MP: 13/13
  4502 | D:6      | Found a sacrificial altar of Ru.
  4804 | D:6      | Found a staircase to the Ecumenical Temple.
  4953 | Temple   | Entered the Ecumenical Temple
  5164 | D:7      | Found a runed translucent gate.
  5164 | D:7      | Found a runed translucent gate.
  5164 | D:7      | Noticed mrw0lf's ghost (amateur DsHu)
  5166 | D:7      | Found a runed translucent gate.
  5168 | D:7      | Noticed a komodo dragon
  5186 | D:7      | Reached skill level 5 in Dodging
  5260 | D:7      | Found Leck's Book Shoppe.
  5314 | D:7      | Found a shadowy altar of Dithmenos.
  6276 | D:8      | Reached skill level 1 in Stealth
  6336 | D:8      | Found a snail-covered altar of Cheibriados.
  6347 | D:8      | Found a burning altar of Makhleb.
  6363 | D:8      | Reached skill level 5 in Spellcasting
  6363 | D:8      | Reached XP level 10. HP: 46/46 MP: 18/18
  6366 | D:8      | Found a bloodstained altar of Trog.
  6367 | D:8      | Found a stormy altar of Qazlal.
  6372 | D:8      | Found an opulent altar of Gozag.
  6418 | D:8      | Found a glowing golden altar of the Shining One.
  6486 | D:8      | Noticed a kobold demonologist
  6493 | D:8      | Killed a kobold demonologist
  6887 | D:8      | Found a hazy altar of Hepliaklqana.
  7243 | D:9      | Reached skill level 9 in Long Blades
  7312 | D:9      | Found a white marble altar of Elyvilon.
  7357 | D:9      | Found a runed translucent door.
  7357 | D:9      | Noticed a sixfirhy
  7369 | D:9      | Reached skill level 10 in Long Blades
  7379 | D:9      | Reached XP level 11. HP: 34/50 MP: 23/23
  7413 | D:9      | Found a staircase to the Lair.
  7436 | D:9      | Found a glowing silver altar of Zin.
  7487 | D:9      | Reached skill level 11 in Long Blades
  7978 | D:9      | Found a broken altar of Ashenzari.
  8325 | D:10     | Entered Level 10 of the Dungeon
  8376 | D:10     | Reached skill level 12 in Long Blades
  8888 | D:10     | Found a hide-covered altar of Uskayaw.
  8918 | D:10     | Became a worshipper of Uskayaw the Reveller
  9027 | D:10     | Reached * piety under Uskayaw
  9033 | D:10     | Reached ** piety under Uskayaw
  9148 | D:11     | Found Geinem's Overcharged Wands.
  9159 | D:11     | Reached *** piety under Uskayaw
  9161 | D:11     | Reached **** piety under Uskayaw
  9186 | D:11     | Noticed a boulder beetle
  9202 | D:11     | Killed a boulder beetle
  9203 | D:11     | Reached skill level 13 in Long Blades
  9423 | D:11     | Noticed a fire dragon
  9570 | Lair:1   | Entered Level 1 of the Lair of Beasts
  9803 | Lair:1   | Noticed Maggie
  9812 | Lair:1   | Learned a level 4 spell: Manifold Assault
  9816 | Lair:1   | Learned a level 3 spell: Confusing Touch
  9827 | Lair:1   | Killed Maggie
  9831 | Lair:1   | Reached XP level 12. HP: 44/54 MP: 24/24
 10446 | Lair:2   | Reached skill level 14 in Long Blades
 10504 | Lair:2   | Reached ***** piety under Uskayaw
 10556 | Lair:2   | Identified a scroll of acquirement
 10660 | Lair:2   | Noticed a five-headed hydra
 10675 | Lair:2   | Killed a five-headed hydra
 10748 | Lair:2   | Found a hole to the Spider Nest.
 10797 | Lair:2   | Found a staircase to the Shoals.
 10950 | Lair:2   | Reached skill level 15 in Long Blades
 11510 | Lair:3   | You fall into a shaft and drop 1 floor!
 11538 | Lair:4   | Found a runed translucent door.
 11543 | Lair:4   | Noticed Glaciallarry's ghost (journeyman DgGl)
 11608 | Lair:4   | Noticed a seven-headed hydra
 11726 | Lair:3   | Reached skill level 16 in Long Blades
 11997 | Lair:3   | Reached skill level 1 in Invocations
 12375 | Lair:4   | Reached XP level 13. HP: 58/58 MP: 26/26
 12680 | Lair:4   | Reached skill level 5 in Invocations
 12690 | Lair:4   | Reached ****** piety under Uskayaw
 13037 | Lair:4   | Found a viscous altar of Jiyva.
 13037 | Lair:4   | Found a staircase to the Slime Pits.
 13286 | Lair:4   | Killed Glaciallarry's ghost
 13322 | Lair:5   | Entered Level 5 of the Lair of Beasts
 13750 | Lair:5   | Reached skill level 10 in Invocations
 13895 | Lair:5   | Slain by a thrashing horror

Illustrated notes

Levels and vault maps discovered:
D:1:      minmay_arrival_split_and_join, layout_loops_ring, serial_bayou_pond_c
D:2:      layout_loops_corners, shapermc_ecumenical_altar_mp_highgroup,
          minmay_misc_feat_pillars
D:3:      layout_basic, kennysheep_vampire_church, minitemple, serial_curves,
          eino_curves_03, eino_curves_02, interstate_on_off,
          guppyfry_early_lair_pool
D:4:      layout_gridville, reono_crystal_passage
D:5:      layout_rooms, serial_shops, nicolae_shop_trees, shop, st_stairs_1,
          minmay_misc_feat_more_columns, uniq_sigmund, uniq_grinder
D:6:      minmay_spotlight, layout_basic, nicolae_ru_sacrificial_ziggurat,
          minmay_temple_entry_drinking_statues, gammafunk_ghost_smash
D:7:      layout_loops_corners, mainiacjoe_overflow_paths, serial_shops,
          shop_fountains, gammafunk_ghost_split
D:8:      layout_rooms, mainiacjoe_overflow_brackets,
          nicolae_overflow_crystal_walls, nicolae_overflow_hallway_of_the_gods,
          special_room [special_room_kobold]
D:9:      cheibrodos_shockbox, layout_loops_corners, nicolae_ashenzari_skybound,
          zin_academy, nicolae_elyvilon_temple_path, minmay_lair_entry_grove
D:10:     layout_loops_ring, nicolae_uskayaw_dance_studio,
          chequers_serial_rivers_small_3, nicolae_nh_ransacked_shop
D:11:     gammafunk_wand_slinger, layout_cave_pools,
          nicolae_shop_overcharged_wands, uniq_gastronok
Temple:   hellmonk_temple_flake
Lair:1:   layout_chaotic_city, minivault_25, uniq_maggie
Lair:2:   layout_concentric_octagons, minmay_shoals_entry_centaurs,
          hellmonk_spider_entry_not_the_bees, serial_bayou_shore_a,
          infiniplex_staircase_pool_2
Lair:3:   layout_regular_city
Lair:4:   layout_cave_pods, slime_entry_1, ebering_ghost_inner_flame,
          grunt_megastairs_2
Lair:5:   hellmonk_lair_end_abyssal_woods, layout_long_grid, wad_woods_river_01,
          uniq_josephine

Skill      XL: |  1  2  3  4  5  6  7  8  9 10 11 12 13 |
---------------+----------------------------------------+-----
Long Blades    | 2 3 4 5 6 8 10 13 16 | 16.0
Armour         | 5 |  5.0
Dodging        | 3 5 |  5.5
Spellcasting   | 5 7 8 |  8.3
Stealth        | 1 |  1.7
Invocations    | 2 10 | 10.3
Fighting       | |  1.7
Axes           | |  0.2
Maces & Flails | |  0.1
Polearms       | |  0.1
Ranged Weapons | |  0.2
Throwing       | |  0.8
Shields        | |  0.2
Conjurations   | |  0.2
Hexes          | |  0.3
Summonings     | |  0.2
Necromancy     | |  0.2
Translocations | |  3.0
Transmutations | |  0.2
Fire Magic     | |  0.5
Ice Magic      | |  0.2
Earth Magic    | |  0.2
Poison Magic   | |  0.2
Evocations     | |  0.6

Action                     |  1- 3 |  4- 6 |  7- 9 | 10-12 | 13-15 || total
---------------------------+-------+-------+-------+-------+-------++-------
  Melee: Falchion          |   115 |   131 |   123 |       |       ||   369
         Bite              |    21 |    43 |    99 |   197 |    97 ||   457
         Punch             |       |       |     5 |     1 |     5 ||    11
         Long sword        |       |       |   226 |   104 |       ||   330
         Great sword       |       |       |       |   317 |       ||   317
         Scimitar          |       |       |       |   134 |   239 ||   373
         Short sword       |       |       |       |     5 |    13 ||    18
  Throw: Boomerang         |       |       |     3 |     1 |       ||     4
         Dart              |       |       |       |    60 |     5 ||    65
   Cast: Vhi's Electric Ch |       |       |       |       |     4 ||     4
         Blink             |       |       |       |       |     1 ||     1
  Evoke: Wand              |       |       |       |       |     3 ||     3
    Use: Scroll            |       |       |     7 |     9 |     3 ||    19
         Potion            |       |       |       |     2 |       ||     2
   Stab: Sleeping          |       |     2 |       |     5 |     1 ||     8
         Paralysed         |       |       |       |    19 |    25 ||    44
         Distracted        |       |       |       |     1 |       ||     1
 Armour: Leather armour    |    40 |     3 |       |       |       ||    43
         Plate armour      |       |   140 |   292 |   311 |       ||   743
         Acid dragon scale |       |       |       |    61 |   100 ||   161
  Dodge: Dodged            |    61 |    49 |    84 |   262 |   182 ||   638

Table legend: (Time is in decaauts)
 A = Elapsed time spent in this place.
 B = Non-inter-level travel time spent in this place.
 C = Inter-level travel time spent in this place.
 D = Time resting spent in this place.
 E = Time spent auto-exploring this place.
 F = Levels seen in this place.
 G = Mean time per level.
                   A        B        C        D        E       F      G
               +--------+--------+--------+--------+--------+-----+--------+
         Total |  13859 |  13108 |    751 |    366 |   9562 |  17 |  815.2 |
       Dungeon |   9483 |   8883 |    600 |    283 |   6378 |  11 |  862.1 |
        Temple |    152 |    143 |      9 |      0 |    136 |   1 |  152.0 |
          Lair |   4223 |   4081 |    142 |     83 |   3048 |   5 |  844.6 |
               +--------+--------+--------+--------+--------+-----+--------+

Top non-repeatable levels by time:
     D:9: 1372 daAuts
  Lair:2: 1145 daAuts
     D:7: 1110 daAuts
     D:3: 1091 daAuts
     D:2: 1041 daAuts
  Lair:4: 1026 daAuts
     D:6: 931 daAuts
    D:10: 917 daAuts
     D:1: 882 daAuts
  Lair:3: 789 daAuts
     D:8: 754 daAuts
  Lair:1: 727 daAuts
     D:5: 541 daAuts
     D:4: 540 daAuts
  Lair:5: 534 daAuts
